Map: Nightshade LE

Players

veiosol - Winner!

  • Race: Terran Terran
  • League: Gold
  • Spawn Location: 5:00

Ratl

  • Race: Protoss Protoss
  • League: Silver
  • Spawn Location: 11:00

VOD

Have the link to the VOD?

Description

Time

  • Played on: Feb. 12, 2020, 3:11 p.m.
  • Length: 22:13
Show
View Real Time Build Order
Export as new Build Order

veiosol Terran - Winner!

Build Orders: Reaper Expand 

Get SALT Encoding   

  12  0:02  SCV  
  13  0:15  Supply Depot  
  13  0:19  SCV  
  14  0:32  SCV  
  15  0:38  Barracks  
  15  0:44  SCV  
  15  0:48  Refinery  
  16  0:56  SCV  
  17  1:04  Supply Depot  
  17  1:16  SCV  
  18  1:26  Marine  
  18  1:32  Orbital Command  
  19  1:44  Reaper  
  20  2:04  SCV  
  20  2:07  Command Center  
  21  2:16  Factory  
  21  2:32  Barracks  
  21  2:37  Barracks Tech Lab  
  21  2:39  SCV  
  21  2:43  Refinery  
  22  2:47  Engineering Bay  
  22  2:51  SCV  
  23  3:19  Factory Tech Lab  
  23  3:21  SCV, Starport  
  23  3:23  Orbital Command  
  24  3:27  Marine  
  24  3:28  Marauder  
  24  3:33  SCV  
  28  3:42  Bunker  
  28  3:44  Widow Mine  
  28  3:45  SCV  
  31  3:51  Marine  
  32  3:57  SCV  
  32  3:59  Medivac  
  35  4:04  SCV  
  35  4:09  Supply Depot  
  36  4:18  Supply Depot  
  36  4:19  SCV  
  36  4:22  Terran Infantry Weapons Level 1  
  37  4:28  Marine  
  37  4:29  Marine  
  37  4:31  SCV  
  40  4:33  Siege Tank  
  43  4:40  SCV, Barracks  
  44  4:46  Marine  
  44  4:47  Marine  
  46  5:04  Marine x2  
  48  5:16  Starport Reactor  
  48  5:22  Command Center, Marine  
  48  5:23  Barracks Reactor  
  48  5:25  SCV x2  
  48  5:28  Refinery  
  51  5:30  Supply Depot  
  51  5:37  Missile Turret  
  51  5:41  Marauder  
  49  6:07  Marine x2  
  48  6:12  Marine, Siege Tank  
  48  6:13  Marine  
  48  6:16  Terran Infantry Armor Level 1  
  48  6:17  Armory  
  51  6:20  Medivac  
  51  6:21  Supply Depot  
  51  6:24  SCV x2  
  51  6:25  Marine  
  55  6:27  Missile Turret  
  55  6:36  SCV x2  
  55  6:39  Marine  
  57  6:41  Barracks Reactor, Marine  
  57  6:42  Marine  
  60  6:48  SCV  
  60  6:51  Siege Tank  
  60  6:54  SCV  
  65  6:55  Sensor Tower  
  65  7:00  Engineering Bay  
  65  7:09  Refinery  
  65  7:11  Planetary Fortress  
  65  7:12  Marine x2  
  67  7:17  Missile Turret  
  67  7:26  Marine  
  67  7:29  Missile Turret, Marine x2  
  70  7:30  Marine  
  70  7:35  Marine, Barracks x2  
  74  7:37  Widow Mine  
  74  7:43  SCV  
  74  7:44  SCV  
  76  7:52  SCV  
  76  7:53  Marine x3  
  76  7:55  SCV  
  76  7:56  SCV  
  76  7:57  Stimpack  
  82  8:04  SCV, Missile Turret  
  83  8:08  SCV x2, Missile Turret  
  83  8:11  Siege Tank  
  88  8:13  Supply Depot  
  88  8:16  SCV  
  88  8:19  Terran Infantry Weapons Level 2  
  89  8:21  Marine  
  89  8:22  SCV  
  91  8:27  Terran Infantry Armor Level 2  
  91  8:29  SCV  
  91  8:30  Marine  
  91  8:34  Supply Depot  
  93  8:41  Marine  
  93  8:42  Marine  
  93  8:46  Barracks Reactor x2  
  95  8:48  Command Center, Missile Turret  
  95  8:49  Medivac  
  97  8:56  Siege Tank  
  97  8:57  Marine x2  
  97  8:59  Marauder  
  104  9:05  Marine  
  104  9:09  Bunker  
  105  9:15  Marine x2  
  105  9:17  SCV  
  108  9:26  Supply Depot  
  108  9:28  Marine  
  108  9:29  Supply Depot, Refinery  
  109  9:47  Marine x3, Siege Tank  
  109  9:48  Marauder  
  109  9:50  SCV x3, Missile Turret  
  109  9:51  Supply Depot, Marine  
  109  9:52  Marine  
  122  9:53  Supply Depot  
  122  9:59  Marine  
  122  10:01  Planetary Fortress  
  122  10:03  SCV  
  122  10:04  SCV  
  123  10:07  Liberator  
  123  10:09  SCV, Marauder  
  123  10:13  Refinery  
  129  10:15  SCV  
  129  10:16  SCV  
  129  10:18  Supply Depot  
  129  10:21  SCV  
  132  10:22  Liberator  
  132  10:28  SCV x2  
  137  10:30  Marauder, Missile Turret  
  137  10:35  SCV  
  140  10:38  SCV  
  140  10:40  SCV x2  
  140  10:42  Refinery  
  143  10:44  Supply Depot, Terran Infantry Weapons Level 3  
  143  10:47  SCV, Terran Vehicle Weapons Level 1  
  143  10:48  Marine x3  
  147  10:50  SCV  
  147  10:52  SCV x2, Marauder  
  152  10:58  Marine  
  152  10:59  SCV, Missile Turret, Marine  
  152  11:02  Sensor Tower  
  155  11:10  Liberator  
  157  11:13  Marauder  
  157  11:14  Marine x3  
  157  11:15  Marine  
  163  11:28  Missile Turret  
  163  11:31  Marine  
  163  11:32  Marine x2  
  166  11:33  Refinery, Missile Turret  
  166  11:34  Marauder  
  168  11:42  Supply Depot  
  168  11:45  Supply Depot, Marine  
  169  11:48  Marine  
  169  11:52  Ghost Academy  
  170  11:56  Marauder, Marine, Ghost Academy  
  170  11:59  Marine  
  174  12:03  Marine  
  174  12:05  Marine  
  174  12:07  Viking x2  
  180  12:14  Barracks  
  180  12:15  Siege Tank  
  183  12:17  Marauder  
  183  12:18  SCV x4  
  189  12:26  Terran Infantry Armor Level 3  
  189  12:27  Marine  
  190  12:34  Marine  
  190  12:35  Starport  
  190  12:36  Combat Shield  
  191  12:37  Viking  
  191  12:39  Command Center, Marauder  
  191  12:41  Terran Vehicle And Ship Armor Level 1, Barracks  
  195  12:49  Marine  
  188  13:00  Marauder  
  164  13:11  Marine  
  164  13:12  Marine x7  
  128  13:21  Marauder  
  130  13:29  Marine x3  
  130  13:30  Marine x5  
  129  13:43  Marauder  
  129  13:47  Marine x7  
  129  13:48  Marine  
  137  13:49  Barracks Reactor  
  137  13:53  Missile Turret  
  137  13:55  Siege Tank  
  137  13:57  Barracks  
  137  13:59  Starport Reactor  
  137  14:01  Liberator  
  137  14:02  Liberator  
  144  14:04  Marine  
  144  14:05  Marine x8  
  153  14:13  Missile Turret  
  153  14:16  SCV  
  154  14:20  Planetary Fortress  
  154  14:21  Marine  
  154  14:22  Missile Turret, Marine  
  154  14:23  Marine x7  
  163  14:25  Marine  
  163  14:28  Siege Tank  
  163  14:31  Refinery, Marine  
  166  14:39  Marine  
  166  14:40  Marine  
  166  14:41  Marine x6  
  174  14:53  Marine  
  174  14:54  Marine x2  
  174  14:57  Marine  
  174  14:58  Marine  
  174  14:59  Marine x2  
  180  15:00  Marine, Siege Tank  
  180  15:01  Marine  
  180  15:05  Marine  
  180  15:06  Marine  
  180  15:08  Liberator  
  180  15:09  Liberator  
  180  15:11  Marine  
  180  15:12  Marine  
  188  15:15  Marauder  
  187  15:26  Marine  
  187  15:27  Marine x5  
  187  15:28  Marine x2  
  164  15:32  Siege Tank  
  164  15:33  Marine x2  
  153  15:36  Ghost  
  146  15:42  Refinery  
  146  15:44  Marine  
  146  15:45  Marine x3, Liberator  
  146  15:46  Viking, Marine  
  146  15:47  Marine  
  146  15:51  Viking x2  
  146  15:56  Marine  
  149  15:57  Marine x3  
  149  16:02  Marine x2  
  149  16:03  Marine x2  
  159  16:04  Ghost, Siege Tank  
  154  16:29  Marine  
  154  16:33  Ghost  
  154  16:36  Marine x5  
  154  16:37  Marine x4  
  154  16:39  Siege Tank  
  168  16:47  Marine  
  168  16:54  Marine x9  
  169  16:55  Barracks Tech Lab  
  178  17:01  Ghost, Command Center  
  178  17:05  Marine  
  178  17:06  Terran Ship Weapons Level 1  
  178  17:08  Liberator  
  184  17:11  Marine, Siege Tank  
  184  17:12  Command Center, Marine x5  
  193  17:17  Marine  
  193  17:18  Marine x2  
  196  17:23  Medivac  
  196  17:24  Medivac  
  194  17:30  Ghost, Marine  
  194  17:31  Marine x3  
  196  17:42  Marine  
  196  17:43  Marine, Siege Tank  
  177  17:47  Marine  
  177  17:48  Marine x5  
  177  17:49  Marine x3  
  169  17:56  Orbital Command  
  161  17:59  Ghost  
  161  18:00  Marine  
  161  18:01  Marine  
  161  18:05  Marine x3  
  155  18:06  Marine x3  
  155  18:07  Marine x3  
  147  18:15  Siege Tank  
  147  18:18  Marine x2  
  148  18:23  Marine x5  
  148  18:24  Marine x4  
  148  18:26  SCV x4  
  161  18:28  Marauder  
  163  18:36  Marine x2  
  163  18:41  Marine x5  
  166  18:42  Marine x4  
  166  18:47  Siege Tank  
  177  18:49  Marine  
  177  18:54  Marine x2  
  180  18:58  Marine  
  180  18:59  Missile Turret, Marine x4  
  180  19:00  Marauder, Marine x3  
  190  19:07  Marauder  
  192  19:11  Marine  
  192  19:12  Marine  
  192  19:16  Marine  
  192  19:19  Siege Tank  
  192  19:21  Marauder  
  192  19:23  Marine  
  192  19:28  Marine x6  
  192  19:29  Marauder, Marine  
  192  19:30  Marine  
  194  19:33  Medivac  
  194  19:34  Marine  
  197  19:41  Marine  
  197  19:42  Marine  
  188  19:46  Marine x6  
  188  19:47  Marine x2  
  188  19:49  Marine  
  188  19:51  Siege Tank  
  197  19:55  Marine  
  197  19:58  Marine  
  198  20:00  Marine  
  198  20:03  Marine  
  198  20:04  Marine x5  
  198  20:05  Marine x2  
  195  20:07  Marine  
  195  20:13  Marine  
  195  20:16  Marine  
  195  20:17  Marine  
  185  20:21  Marine  
  185  20:22  Reaper, Marine x4  
  185  20:23  Marine x2  
  185  20:24  Siege Tank  
  185  20:25  Marine  
  170  20:31  Marine  
  170  20:34  Marine  
  170  20:35  Ghost  
  164  20:39  Marine  
  164  20:41  Marine  
  164  20:42  Ghost, Marine x5  
  155  20:49  Marine  
  151  20:52  Marine  
  151  20:54  Marine  
  147  20:57  Marine  
  147  20:59  Marine x4  
  147  21:00  Marine x2  
  147  21:04  Marine  
  146  21:10  Marine  
  146  21:11  Marine x2  
  145  21:12  Marine  
  145  21:15  Marine  
  145  21:17  Marine x6  
  154  21:22  Marine  
  155  21:28  Marine x2  
  155  21:29  Marine  
  156  21:34  Siege Tank  
  159  21:40  Marauder  
  157  21:47  Marauder  
Show
View Real Time Build Order
Export as new Build Order

Ratl Protoss 

Build Orders:  

Get SALT Encoding   

  12  0:01  Probe  
  13  0:13  Probe  
  14  0:23  Pylon  
  14  0:25  Probe  
  15  0:41  Probe (Chrono Boost)  
  15  0:42  Gateway  
  16  0:53  Probe (Chrono Boost)  
  16  0:55  Assimilator  
  17  1:02  Probe (Chrono Boost)  
  18  1:07  Probe  
  19  1:19  Probe  
  20  1:27  Gateway  
  20  1:31  Probe  
  21  1:36  Cybernetics Core  
  21  1:43  Probe, Assimilator  
  22  1:56  Probe  
  23  2:04  Nexus  
  23  2:15  Pylon  
  23  2:20  Warp Gate  
  23  2:33  Probe (Chrono Boost)  
  23  2:36  Pylon  
  24  2:38  Stalker  
  24  2:41  Stalker  
  24  2:42  Probe  
  29  2:54  Probe  
  30  3:06  Probe  
  31  3:20  Probe (Chrono Boost)  
  31  3:21  Probe (Chrono Boost)  
  32  3:27  Stalker x2  
  32  3:31  Probe (Chrono Boost)  
  32  3:32  Probe (Chrono Boost)  
  38  3:36  Probe (Chrono Boost), Robotics Facility  
  38  3:38  Probe (Chrono Boost)  
  40  3:47  Probe (Chrono Boost)  
  40  3:48  Probe (Chrono Boost)  
  42  3:49  Pylon  
  42  3:53  Pylon  
  42  3:59  Probe (Chrono Boost)  
  42  4:00  Probe (Chrono Boost)  
  44  4:03  Probe (Chrono Boost)  
  44  4:08  Probe  
  46  4:11  Gateway  
  46  4:13  Stalker x2  
  46  4:14  Probe  
  51  4:29  Nexus  
  51  4:30  Probe  
  52  4:33  Probe  
  53  4:41  Pylon  
  53  4:42  Probe  
  55  4:45  Probe  
  55  4:54  Probe  
  55  4:57  Probe  
  55  4:58  Assimilator  
  57  5:01  Stalker x2  
  57  5:06  Probe  
  62  5:09  Probe  
  62  5:13  Observer  
  64  5:19  Probe  
  65  5:22  Probe, Stalker  
  68  5:31  Probe (Chrono Boost), Assimilator  
  68  5:34  Probe (Chrono Boost), Immortal  
  75  5:43  Probe (Chrono Boost)  
  75  5:46  Probe (Chrono Boost)  
  75  5:47  Probe (Chrono Boost)  
  77  5:52  Probe (Chrono Boost)  
  77  5:54  Probe (Chrono Boost)  
  77  5:55  Probe (Chrono Boost)  
  80  5:58  Stalker  
  80  5:59  Stalker  
  80  6:14  Probe, Observer  
  80  6:15  Probe x2  
  84  6:24  Twilight Council  
  84  6:26  Probe  
  84  6:27  Probe x2  
  84  6:28  Forge  
  84  6:30  Forge  
  87  6:32  Forge  
  87  6:35  Gateway  
  87  6:37  Gateway  
  87  6:39  Gateway  
  87  6:40  Probe (Chrono Boost)  
  87  6:41  Probe (Chrono Boost)  
  87  6:44  Probe (Chrono Boost), Gateway  
  87  6:46  Gateway  
  90  6:52  Probe (Chrono Boost)  
  90  6:53  Probe (Chrono Boost), Assimilator  
  90  6:54  Pylon, Assimilator  
  93  6:56  Probe (Chrono Boost)  
  93  6:57  Pylon  
  93  7:00  Protoss Ground Armor Level 1 (Chrono Boost), Protoss Ground Weapons Level 1 (Chrono Boost)  
  93  7:05  Protoss Shields Level 1 (Chrono Boost)  
  93  7:12  Probe x3  
  96  7:24  Probe x3  
  96  7:25  Nexus  
  96  7:26  Pylon  
  99  7:36  Probe x2  
  101  7:50  Probe x3  
  105  7:59  Immortal (Chrono Boost)  
  105  8:00  Stalker  
  105  8:01  Stalker x3  
  105  8:02  Probe  
  117  8:10  Pylon x2  
  117  8:13  Photon Cannon x2  
  117  8:18  Photon Cannon  
  117  8:21  Photon Cannon  
  117  8:23  Photon Cannon  
  117  8:26  Pylon  
  117  8:28  Probe x3  
  117  8:30  Pylon  
  120  8:35  Immortal (Chrono Boost)  
  120  8:40  Probe  
  125  8:51  Robotics Facility  
  125  8:54  Robotics Facility  
  125  8:58  Assimilator  
  125  8:59  Assimilator  
  125  9:15  Protoss Ground Armor Level 2  
  125  9:16  Protoss Shields Level 2, Protoss Ground Weapons Level 2  
  125  9:19  Photon Cannon  
  125  9:20  Immortal (Chrono Boost)  
  125  9:22  Nexus  
  125  9:23  Pylon  
  129  9:25  Pylon  
  129  9:33  Templar Archives  
  129  9:43  Stalker  
  129  9:44  Stalker x4  
  139  9:52  Observer  
  139  9:56  Stalker x3  
  145  10:01  Immortal x2 (Chrono Boost)  
  145  10:02  Immortal (Chrono Boost)  
  157  10:36  High Templar x2  
  157  10:37  High Templar x6  
  157  10:40  Archon  
  157  10:41  Archon  
  173  10:43  Archon  
  173  10:44  Archon  
  173  10:46  Immortal x3  
  185  11:14  High Templar x2  
  185  11:15  High Templar x3  
  195  11:23  Pylon x2  
  195  11:25  Pylon  
  195  11:36  Gateway x2  
  195  11:40  Gateway x2  
  195  11:47  Gateway x3  
  195  11:49  Gateway, Protoss Ground Weapons Level 3 (Chrono Boost)  
  195  11:51  Gateway  
  195  11:52  Gateway x2  
  195  11:53  Gateway  
  195  11:55  Gateway  
  195  11:56  Gateway  
  195  11:57  Gateway  
  195  12:00  Protoss Ground Armor Level 3 (Chrono Boost)  
  195  12:01  Protoss Shields Level 3 (Chrono Boost)  
  195  12:03  Immortal (Chrono Boost)  
  139  13:12  Archon x2  
  117  13:23  Assimilator  
  113  13:28  Assimilator  
  113  13:32  High Templar x4  
  113  13:33  High Templar x7  
  113  13:34  High Templar x3  
  123  13:35  Zealot x3  
  123  13:36  Zealot x4  
  133  13:42  Archon x3  
  133  13:43  Archon x3  
  133  13:44  Archon  
  133  13:59  Gateway  
  133  14:00  Gateway  
  133  14:02  Gateway  
  133  14:03  Gateway  
  133  14:04  Gateway x2  
  133  14:08  Stalker x3, Pylon  
  133  14:09  Stalker x2  
  143  14:10  Stalker x3  
  143  14:11  Stalker  
  143  14:15  Observer x2  
  153  14:19  Immortal  
  153  14:21  Stalker x7  
  153  14:22  Stalker  
  164  14:54  Stalker x2, Photon Cannon  
  164  14:55  Stalker x5  
  164  14:56  Stalker x3, Photon Cannon  
  182  15:06  Pylon x2  
  178  15:13  Pylon  
  122  15:28  Immortal (Chrono Boost)  
  122  15:29  Immortal x2 (Chrono Boost)  
  106  16:01  Immortal  
  106  16:09  Stargate  
  106  16:10  Stargate  
  104  16:11  Stargate  
  104  16:16  Nexus  
  98  16:19  Pylon x2  
  98  16:21  Stalker x3  
  98  16:22  Stalker x6  
  98  16:23  Stalker x3  
  98  16:24  Stalker  
  98  16:25  Protoss Air Weapons Level 1  
  124  16:32  Immortal x2  
  126  16:40  High Templar x2  
  126  16:41  High Templar x2  
  126  16:44  Archon, Psionic Storm  
  126  16:45  Archon  
  126  16:46  Zealot  
  136  16:47  Zealot x6  
  136  16:48  Zealot x5  
  136  16:49  Zealot x3  
  164  16:54  Charge (Chrono Boost)  
  164  17:02  Zealot x3  
  164  17:03  Zealot x5  
  180  17:34  Zealot x6  
  180  17:35  Zealot x4  
  180  17:36  Zealot x4  
  199  17:37  Zealot  
  132  18:17  Stalker x4  
  132  18:18  Stalker x6  
  132  18:19  Stalker x3  
  142  18:20  Stalker x3  
  142  18:21  Stalker x4  
  142  18:23  Immortal x3  
  142  18:25  Zealot x4  
  142  18:26  Zealot x3  
  182  18:40  Fleet Beacon  
  182  19:07  Immortal x3  
  192  19:15  Stalker x2  
  192  19:16  Stalker x4  
  182  19:30  Zealot x6  
  182  19:31  Zealot x6  
  184  19:32  Stalker, Zealot x2  
  184  19:33  Stalker x3  
  179  20:12  Probe x5  
  182  20:17  Nexus  
  182  20:20  Pylon  
  172  20:23  Pylon  
  172  20:24  Probe x4  
  172  20:25  Probe  
  166  20:32  Stalker  
  166  20:33  Stalker x2  
  168  20:36  Probe  
  112  21:16  Immortal x3  
  116  21:22  Probe (Chrono Boost)  
  116  21:23  Probe (Chrono Boost)  
  121  21:27  Probe (Chrono Boost)  
  121  21:28  Probe x2 (Chrono Boost)  
  122  21:33  Probe x2 (Chrono Boost)  
  122  21:37  Probe (Chrono Boost)  
  122  21:41  Zealot  
  122  21:42  Zealot x3  
  99  21:55  Assimilator  
  99  21:59  Assimilator  
  85  22:05  Stalker x2  
Tags
 
Add a new tag
Caveats
  • Supply blocks, unpowered buildings, or Contaminate may cause inaccurate times.
  • Supply counts are checked every 10 seconds.